 Dungeon Crawl Stone Soup version 0.28-a0-479-g5baa6b73be (webtiles) character file.

Game seed: 13748569863510446371

750 bande the Covered (level 7, -8/44 HPs)
             Began as a Gargoyle Fighter on Sept 18, 2021.
             Was a Follower of Okawaru.
             Mangled by Edmund (10 damage)
             ... on level 6 of the Dungeon.
             The game lasted 00:08:09 (4939 turns).

bande the Covered (Gargoyle Fighter)                Turns: 4939, Time: 00:08:09

Health: -8/44      AC: 17    Str: 20    XL:     7   Next: 78%
Magic:  8/8        EV:  7    Int:  9    God:    Okawaru [*.....]
Gold:   166        SH:  4    Dex: 10    Spells: 6/6 levels left

rFire   . . .      SeeInvis .   a - +1 war axe
rCold   . . .      Faith    .   c - +0 buckler
rNeg    + . .      Spirit   .   g - +0 chain mail
rPois   ∞          Reflect  .   j - +1 helmet
rElec   +          Harm     .   (no cloak)
rCorr   .          Rampage  .   (no gloves)
Will    .....                   (no boots)
Stlth   ..........              (no amulet)
HPRegen 0.14/turn               (no ring)
MPRegen 0.11/turn               (no ring)

@: no status effects
A: sickness immunity, AC +4, negative energy resistance 1, electricity
resistance, torment resistance 1, petrification resistance
a: Renounce Religion, Heroism


You were on level 6 of the Dungeon.
You worshipped Okawaru.
Okawaru was aware of your devotion.
You visited 1 branch of the dungeon, and saw 6 of its levels.

You collected 166 gold pieces.

Inventory:

Hand Weapons
 a - a +1 war axe (weapon)
 n - a +0 flail
 s - a +0 vorpal hand axe
Armour
 c - a +0 buckler (worn)
 g - a +0 chain mail (worn)
 j - a +1 helmet (worn)
Jewellery
 u - a ring of wizardry
Wands
 q - a wand of mindburst (13)
 r - a wand of flame (8)
Scrolls
 k - 4 scrolls of amnesia
 m - a scroll of magic mapping
 o - 7 scrolls of enchant armour
 p - 2 scrolls of teleportation
Potions
 d - a potion of might
 e - a potion of brilliance
 f - 2 potions of invisibility
 h - 3 potions of haste
 i - a potion of flight
 l - 2 potions of curing


   Skills:
 + Level 4.6 Fighting
 + Level 5.4 Axes
 + Level 5.4 Armour
 + Level 4.2 Shields
 * Level 1.6 Invocations
 * Level 1.4 Evocations


You had 6 spell levels left.
You didn't know any spells.
Your spell library contained the following spells:

 Spells                   Type           Power      Damage    Failure   Level
 Corpse Rot               Necr/Air       N/A        N/A       99%         2
 Poisonous Vapours        Pois/Air       0%         N/A       99%         2
 Scorch                   Fire           0%         2d5       99%         2
 Ignite Poison            Fire/Tmut/Pois 0%         N/A       100%        3
 Mephitic Cloud           Conj/Pois/Air  0%         N/A       100%        3
 Flame Wave               Conj/Fire      0%         3d3       100%        4
 Freezing Cloud           Conj/Ice/Air   0%         6-21      100%        5
 Summon Cactus Giant      Summ           Unusable   N/A       N/A         6

Dungeon Overview and Level Annotations

Branches:
Dungeon (6/15)
 Temple: D:4-7

Altars:
Gozag
Nemelex Xobeh
Okawaru
Uskayaw
The Shining One

Annotations:
D:6 Edmund


Innate Abilities, Weirdness & Mutations

You are immune to sickness and miasma.
Your stone body is resilient. (AC +4)
You are immune to poison.
You resist negative energy. (rN+)
You are resistant to electric shocks. (rElec)
You are resistant to unholy torment.
You are immune to petrification.


Message History

You slash Edmund!
Edmund is severely wounded.
Edmund hits you but does no damage.
You hit Edmund.
Edmund is severely wounded.
Edmund closely misses you.
You hit Edmund but do no damage.
Edmund is severely wounded.
Edmund hits you but does no damage.
You barely miss Edmund.
Edmund is severely wounded.
Edmund barely misses you.
Your chain mail prevents you from hitting Edmund.
Edmund is severely wounded.
Edmund hits you but does no damage. Edmund hits you with a +8 flail!
You are too injured to fight recklessly!
You are too injured to fight recklessly!
You are too injured to fight recklessly!
You are too injured to fight recklessly!
You are too injured to fight recklessly!
You are too injured to fight recklessly!
You are too injured to fight recklessly!
Edmund blocks your attack.
Edmund is severely wounded.
Edmund hits you with a +8 flail.
You hit Edmund.
Edmund is severely wounded.
Edmund hits you with a +8 flail!
* * * LOW HITPOINT WARNING * * *
You hit Edmund but do no damage.
Edmund is severely wounded.
Edmund hits you with a +8 flail.
* * * LOW HITPOINT WARNING * * *
You slash Edmund!
Edmund is almost dead.
You block Edmund's attack. Edmund blocks your attack.
Edmund is almost dead.
Edmund hits you with a +8 flail!
You die...

####......######.##
#.......#.# #...###
#.......#.# #§§§§§#
#.......#.# #§§§§§#
#.......#.# ##§§§##
#.......'.# #§§§#
#.......### #§§§#
#.......# #§§§#
#.......# #§@§#
#.......### #§@§#
#.........# #§§§#
#........<# §§§§§
#######...# .§§#§..
#...# .... ....
#########. .#### #.
.#


You could see Edmund.

Vanquished Creatures
  A sky beast (D:5)
  A phantom (D:3)
  A scorpion (D:5)
  6 hounds
  A bullfrog skeleton (D:5)
  A centaur skeleton (D:5)
  3 iguanas (D:4)
  Jessica (D:2)
  Terence (D:3)
  Robin (D:2)
  7 adders
  A white imp (D:5)
  An ufetubus (D:6)
  3 worms
  2 dart slugs
  5 orcs
  3 ball pythons
  6 bats
  9 endoplasms
  2 giant cockroaches
  8 hobgoblins
  2 quokkas
  2 frilled lizards
  8 goblins
  4 kobolds
  A quokka skeleton (D:4)
  2 rats
83 creatures vanquished.

Notes
Turn   | Place    | Note
-------+----------+-------------------------------------------
     0 | D:1      | bande the Gargoyle Fighter began the quest for the Orb.
     0 | D:1      | Reached XP level 1. HP: 14/14 MP: 1/1
   156 | D:1      | Reached XP level 2. HP: 19/19 MP: 2/2
   263 | D:1      | Found a faded altar of an unknown god.
  1063 | D:2      | Found a glowing golden altar of the Shining One.
  1131 | D:2      | Reached XP level 3. HP: 11/23 MP: 3/3
  1543 | D:2      | Noticed Robin
  1560 | D:2      | Killed Robin
  1561 | D:2      | Reached XP level 4. HP: 26/29 MP: 4/4
  1673 | D:2      | Noticed Jessica
  1680 | D:2      | Killed Jessica
  2394 | D:3      | Noticed Terence
  2404 | D:3      | Killed Terence
  2405 | D:3      | Reached XP level 5. HP: 19/33 MP: 5/5
  2407 | D:3      | Found a hide-covered altar of Uskayaw.
  2899 | D:4      | Noticed a phantom
  2909 | D:4      | Reached XP level 6. HP: 22/38 MP: 6/6
  3429 | D:4      | Found a sparkling altar of Nemelex Xobeh.
  3430 | D:4      | Found an iron altar of Okawaru.
  3499 | D:4      | Became a worshipper of Warmaster Okawaru
  3753 | D:4      | Reached XP level 7. HP: 41/44 MP: 7/7
  3825 | D:5      | Entered Level 5 of the Dungeon
  3837 | D:5      | Reached skill level 5 in Axes
  3837 | D:5      | Reached skill level 5 in Armour
  4230 | D:5      | Reached skill level 1 in Invocations
  4230 | D:5      | Reached skill level 1 in Evocations
  4339 | D:5      | Found an opulent altar of Gozag.
  4364 | D:5      | Reached * piety under Okawaru
  4917 | D:6      | Noticed Edmund
  4937 | D:6      | HP: 2/44 [Edmund (1)]
  4939 | D:6      | Mangled by Edmund

Illustrated notes

Levels and vault maps discovered:
D:1:      lightli_arrival_isolated_outpost, layout_basic,
          shapermc_ecumenical_altar_ellora, grunt_decor_cap
D:2:      layout_basic, basic_altar, uniq_robin, uniq_jessica
D:3:      layout_rooms, nicolae_uskayaw_dance_hall, uniq_terence
D:4:      layout_loops_ring, chequers_temple_overflow_statue_of_worship,
          serial_glass, glass_columns_b, glass_columns_b, glass_columns_b,
          grunt_ministairs_13
D:5:      layout_loops_ring, overflow_temple_1_default, minmay_crystal_water,
          hangedman_abyss_or_decor_lesser_grid
D:6:      layout_basic, beargit_hepliaklqana_dungeon_heroes,
          yredelemnul_forgotten_temple_becter

Skill      XL: |  1  2  3  4  5  6  7 |
---------------+----------------------+-----
Axes           | 2 3 4 5 |  5.4
Armour         | 4 5 |  5.4
Fighting       | 4 |  4.6
Shields        | 4 |  4.2
Invocations    | 1 |  1.6
Evocations     | 1 |  1.4

Action                   |  1- 3 |  4- 6 |  7- 9 || total
-------------------------+-------+-------+-------++-------
Melee: War axe           |    81 |   170 |    93 ||   344
  Use: Scroll            |     3 |     5 |     6 ||    14
       Potion            |       |     1 |       ||     1
Armor: Scale mail        |    21 |       |       ||    21
       Chain mail        |    36 |   136 |    66 ||   238
Dodge: Dodged            |    39 |    75 |    31 ||   145
Block: Buckler           |    19 |    41 |    16 ||    76

Table legend: (Time is in decaauts)
 A = Elapsed time spent in this place.
 B = Non-inter-level travel time spent in this place.
 C = Inter-level travel time spent in this place.
 D = Time resting spent in this place.
 E = Time spent auto-exploring this place.
 F = Levels seen in this place.
 G = Mean time per level.
                   A        B        C        D        E       F      G
               +--------+--------+--------+--------+--------+-----+--------+
         Total |   5051 |   5029 |     22 |    785 |   3295 |   6 |  841.8 |
       Dungeon |   5051 |   5029 |     22 |    785 |   3295 |   6 |  841.8 |
               +--------+--------+--------+--------+--------+-----+--------+

Top non-repeatable levels by time:
     D:1: 1065 daAuts
     D:4: 1016 daAuts
     D:2: 998 daAuts
     D:5: 997 daAuts
     D:3: 834 daAuts
     D:6: 139 daAuts
